 Dungeon Crawl Stone Soup version 0.27.0-1-g7a089689b8 (webtiles) character file.

Game seed: 4798660108361016628

499 Malachi the Poker (level 7, 0/54 HPs)
             Began as a Gnoll Chaos Knight on Aug 15, 2021.
             Was a Plaything of Xom.
             Slain by Pikel (1 damage)
             ... on level 4 of the Dungeon.
             The game lasted 00:06:49 (4903 turns).

Malachi the Poker (Gnoll Chaos Knight)              Turns: 4903, Time: 00:06:49

Health: 0/54       AC:  9    Str: 12    XL:     7   Next: 16%
Magic:  18/18      EV: 11    Int: 13    God:    Xom [..*...]
Gold:   126        SH:  0    Dex:  9    Spells: 10/10 levels left

rFire    . . .     SeeInvis .   a - +0 spear (chaos)
rCold    . . .     Faith    .   (no shield)
rNeg     . . .     Spirit   .   p - +3 ring mail {rPois}
rPois    +         Reflect  .   (no helmet)
rElec    .         Harm     .   (no cloak)
rCorr    .         Rampage  .   (no gloves)
Will     .....                  (no boots)
Stlth    +.........             (no amulet)
HPRegen  0.18/turn              g - ring of wizardry
MPRegen  0.16/turn              n - ring of magical power

@: no status effects
A: fangs 1, strong nose, distributed training, clumsy 1, frail 1, low mp 1
a: Renounce Religion


You were on level 4 of the Dungeon.
You worshipped Xom.
You were a toy of Xom.
You visited 1 branch of the dungeon, and saw 4 of its levels.

You collected 126 gold pieces.

Inventory:

Hand Weapons
 a - a +0 spear of chaos (weapon)
 f - a +2 flail of holy wrath
 o - a +0 short sword of freezing
Missiles
 c - 66 arrows
 h - 19 poisoned darts (quivered)
 i - 187 stones
 l - 39 bolts
 m - 5 boomerangs
Armour
 b - a +2 leather armour
 p - a +3 ring mail of poison resistance (worn)
Magical Staves
 e - a staff of earth
Jewellery
 g - a ring of wizardry (left hand)
 n - a ring of magical power (right hand)
Scrolls
 d - a scroll of amnesia
 j - a scroll of identify {unknown}
 r - 2 scrolls of immolation


   Skills:
 + Level 7.0 Fighting
 + Level 2.3 Short Blades
 + Level 2.3 Long Blades
 + Level 2.3 Axes
 + Level 2.3 Maces & Flails
 + Level 7.0 Polearms
 + Level 2.3 Staves
 + Level 2.3 Slings
 + Level 2.3 Bows
 + Level 2.3 Crossbows
 + Level 2.3 Throwing
 + Level 5.1 Armour
 + Level 3.5 Dodging
 + Level 2.3 Stealth
 + Level 2.3 Shields
 + Level 2.3 Unarmed Combat
 + Level 2.3 Spellcasting
 + Level 1.8 Conjurations
 + Level 1.8 Hexes
 + Level 1.8 Summonings
 + Level 1.8 Necromancy
 + Level 1.8 Translocations
 + Level 1.8 Transmutations
 + Level 1.8 Fire Magic
 + Level 1.8 Ice Magic
 + Level 1.8 Air Magic
 + Level 1.8 Earth Magic
 + Level 1.8 Poison Magic
 + Level 2.5 Invocations
 + Level 2.3 Evocations


You had 10 spell levels left.
You didn't know any spells.
Your spell library contained the following spells:

 Spells                   Type           Power      Damage    Failure   Level
 Summon Ice Beast         Ice/Summ       6%         N/A       65%         4
 Summon Forest            Summ/Tloc      3%         N/A       92%         5
 Summon Mana Viper        Hex/Summ       6%         N/A       92%         5
 Shadow Creatures         Summ           N/A        N/A       100%        6
 Monstrous Menagerie      Summ           3%         N/A       100%        7


Dungeon Overview and Level Annotations

Branches:
Dungeon (4/15)
 Temple: D:4-7

Altars:
Makhleb
Xom

Shops:
D:2 =*!

Annotations:
D:4 Pikel


Innate Abilities, Weirdness & Mutations

You have very sharp teeth.
Your uncanny sense of smell can sniff out nearby items.
Your experience applies equally to all skills.
You are clumsy. (Dex -2)
You are frail. (-10% HP)
Your magical capacity is low. (-10% MP)


Message History

Pikel burns you.
You hit Pikel but do no damage.
Pikel is moderately wounded.
Pikel hits you with a +1 whip of flaming!
Pikel burns you.
You hit Pikel.
Pikel is moderately wounded.
You hit Pikel but do no damage.
Pikel goes berserk!
Pikel is moderately wounded.
Pikel hits you with a +1 whip of flaming.
Pikel burns you.
You hit Pikel but do no damage.
Pikel is moderately wounded.
Pikel hits you with a +1 whip of flaming.
Pikel burns you. Pikel misses you.
You hit Pikel but do no damage. Lightning courses through Pikel!
Pikel is heavily wounded.
Pikel hits you but does no damage.
You barely miss Pikel.
Pikel is heavily wounded.
Pikel barely misses you.
You hit Pikel.
You feel better.
Pikel is heavily wounded.
Pikel closely misses you.
You barely miss Pikel.
Pikel is heavily wounded.
Pikel hits you with a +1 whip of flaming!
* * * LOW HITPOINT WARNING * * *
Pikel burns you!
* * * LOW HITPOINT WARNING * * *
You aren't carrying any potions.
You hit Pikel. You burn Pikel.
Pikel is severely wounded.
Xom grants you insight.
You detect no further creatures.
Pikel barely misses you.
You hit Pikel but do no damage.
Pikel is severely wounded.
Pikel hits you with a +1 whip of flaming.
You die...
Xom chuckles heartily!

#.....##...?...# #.....
####.###.......# #.....
####.#############.....
#......# #.. ...##.....
#.##.#.# #.####.##....(
#.##...# #.......####.#
#.####.# #..#.........#
#<.....# #..#.#..######
######@###..#.#..#
#.K55.......#
######.####.# #......#
########


You could see Pikel (berserk, strong) and 2 lemures.

Vanquished Creatures
  Duvessa (D:4)
  2 lemures (D:4)
  2 scorpions
  Dowan (D:4)
  A jelly (D:4)
  Ijyb (D:3)
  Terence (D:3)
  A gnoll (D:1)
  5 adders
  A worm (D:2)
  2 dart slugs
  5 bats
  7 endoplasms
  3 giant cockroaches (D:1)
  5 goblins
  4 hobgoblins
  7 jackals
  6 quokkas
  4 ball pythons
  5 frilled lizards
  7 kobolds
  7 rats
78 creatures vanquished.

Notes
Turn   | Place    | Note
-------+----------+-------------------------------------------
     0 | D:1      | Malachi the Gnoll Chaos Knight began the quest for the Orb.
     0 | D:1      | Reached XP level 1. HP: 23/23 MP: 1/1
   176 | D:1      | Reached XP level 2. HP: 29/29 MP: 2/2
   186 | D:1      | XOM: divination: detect creatures
   363 | D:1      | XOM: cloud trail
   614 | D:1      | Reached XP level 3. HP: 32/35 MP: 3/3
   955 | D:1      | Reached skill level 1 in Invocations
  1399 | D:1      | Found a faded altar of an unknown god.
  1751 | D:2      | Reached skill level 1 in Short Blades
  1751 | D:2      | Reached skill level 1 in Long Blades
  1751 | D:2      | Reached skill level 1 in Axes
  1751 | D:2      | Reached skill level 1 in Maces & Flails
  1751 | D:2      | Reached skill level 1 in Staves
  1751 | D:2      | Reached skill level 1 in Slings
  1751 | D:2      | Reached skill level 1 in Bows
  1751 | D:2      | Reached skill level 1 in Crossbows
  1751 | D:2      | Reached skill level 1 in Throwing
  1751 | D:2      | Reached skill level 1 in Stealth
  1751 | D:2      | Reached skill level 1 in Shields
  1751 | D:2      | Reached skill level 1 in Unarmed Combat
  1751 | D:2      | Reached skill level 1 in Spellcasting
  1751 | D:2      | Reached skill level 1 in Evocations
  1751 | D:2      | Reached XP level 4. HP: 36/41 MP: 5/5
  1924 | D:2      | Found Riop's Jewellery Emporium.
  2176 | D:2      | Reached skill level 1 in Conjurations
  2176 | D:2      | Reached skill level 1 in Hexes
  2176 | D:2      | Reached skill level 1 in Summonings
  2176 | D:2      | Reached skill level 1 in Necromancy
  2176 | D:2      | Reached skill level 1 in Translocations
  2176 | D:2      | Reached skill level 1 in Transmutations
  2176 | D:2      | Reached skill level 1 in Fire Magic
  2176 | D:2      | Reached skill level 1 in Ice Magic
  2176 | D:2      | Reached skill level 1 in Air Magic
  2176 | D:2      | Reached skill level 1 in Earth Magic
  2176 | D:2      | Reached skill level 1 in Poison Magic
  2206 | D:2      | XOM: cloud trail
  2481 | D:2      | Found a burning altar of Makhleb.
  2481 | D:2      | Found Dawum's Distillery.
  2481 | D:2      | XOM: 8-stop teleportation journey
  2587 | D:2      | Found Wuafer's General Store.
  2899 | D:3      | XOM: noise
  2997 | D:3      | Noticed Terence
  3012 | D:3      | Killed Terence
  3013 | D:3      | Reached XP level 5. HP: 42/47 MP: 7/7
  3333 | D:3      | Noticed Ijyb
  3339 | D:3      | Paralysed by Ijyb for 2 turns
  3340 | D:3      | XOM: divination: detect creatures
  3345 | D:3      | XOM: scenery: create altars
  3347 | D:3      | Paralysed by Ijyb for 3 turns
  3350 | D:3      | XOM: blink monster(s)
  3355 | D:3      | Killed Ijyb
  3356 | D:3      | Reached XP level 6. HP: 45/53 MP: 8/8
  3848 | D:4      | XOM: give mutations
  3848 | D:4      | Gained mutation: You are frail. (-10% HP) [Xom's mischief]
  3848 | D:4      | Gained mutation: You sometimes lose the ability to read
                  | scrolls when taking damage. [Xom's mischief]
  3975 | D:4      | XOM: 2-stop teleportation journey
  4039 | D:4      | XOM: give mutations
  4039 | D:4      | Gained mutation: You are clumsy. (Dex -2) [Xom's mischief]
  4039 | D:4      | Lost mutation: You sometimes lose the ability to read
                  | scrolls when taking damage. [Xom's mischief]
  4039 | D:4      | Gained mutation: Your magical capacity is low. (-10% MP)
                  | [Xom's mischief]
  4086 | D:4      | Noticed Duvessa
  4088 | D:4      | Noticed Dowan
  4119 | D:4      | Killed Duvessa
  4120 | D:4      | Reached skill level 5 in Armour
  4129 | D:4      | Killed Dowan
  4130 | D:4      | Reached XP level 7. HP: 27/53 MP: 9/9
  4292 | D:4      | XOM: 1-stop teleportation journey
  4294 | D:4      | Noticed Pikel
  4297 | D:4      | XOM: cast spell 'Dispersal'
  4557 | D:4      | XOM: repel stairs
  4583 | D:4      | XOM: divination: detect creatures
  4688 | D:4      | XOM: 2-stop teleportation journey
  4841 | D:4      | XOM: silly message
  4901 | D:4      | HP: 1/54 [Pikel (7)]
  4902 | D:4      | XOM: divination: detect creatures
  4903 | D:4      | Slain by Pikel

Illustrated notes

Levels and vault maps discovered:
D:1:      nzn_arrival_water_spiral, layout_basic,
          chequers_ecumenical_altar_grove
D:2:      layout_rooms, serial_shops, nicolae_shop_statue_plus, shop,
          shop_statue, basic_altar
D:3:      layout_loops_ring, kennysheep_decorative_pillar, uniq_terence,
          uniq_ijyb
D:4:      layout_loops_cross, elyvilon_altar_5, chequers_garden,
          bh_walls_and_bars, uniq_duvessa, uniq_pikel

Skill      XL: |  1  2  3  4  5  6  7 |
---------------+----------------------+-----
Invocations    | 1 2 |  2.5
Short Blades   | 1 2 |  2.3
Long Blades    | 1 2 |  2.3
Axes           | 1 2 |  2.3
Maces & Flails | 1 2 |  2.3
Staves         | 1 2 |  2.3
Slings         | 1 2 |  2.3
Bows           | 1 2 |  2.3
Crossbows      | 1 2 |  2.3
Throwing       | 1 2 |  2.3
Stealth        | 1 2 |  2.3
Shields        | 1 2 |  2.3
Unarmed Combat | 1 2 |  2.3
Spellcasting   | 1 2 |  2.3
Evocations     | 1 2 |  2.3
Conjurations   | 1 |  1.8
Hexes          | 1 |  1.8
Summonings     | 1 |  1.8
Necromancy     | 1 |  1.8
Translocations | 1 |  1.8
Transmutations | 1 |  1.8
Fire Magic     | 1 |  1.8
Ice Magic      | 1 |  1.8
Air Magic      | 1 |  1.8
Earth Magic    | 1 |  1.8
Poison Magic   | 1 |  1.8
Dodging        | 3 |  3.5
Armour         | 5 |  5.1
Fighting       | 7 |  7.0
Polearms       | 7 |  7.0

Action                   |  1- 3 |  4- 6 |  7- 9 || total
-------------------------+-------+-------+-------++-------
Melee: Spear             |   117 |   209 |    82 ||   408
       Bite              |     8 |    18 |     3 ||    29
       Punch             |       |     1 |       ||     1
Throw: Dart              |       |     5 |       ||     5
Evoke: Wand              |       |       |     3 ||     3
  Use: Potion            |     2 |     5 |     1 ||     8
       Scroll            |     1 |     4 |       ||     5
 Stab: Sleeping          |     3 |       |     1 ||     4
       Petrified         |     1 |     1 |       ||     2
       Paralysed         |       |     7 |     2 ||     9
       Petrifying        |       |     4 |       ||     4
Armor: Leather armour    |    22 |    23 |       ||    45
       Ring mail         |       |    16 |    24 ||    40
       Skin              |       |    17 |       ||    17
Dodge: Dodged            |    47 |    71 |    26 ||   144
